 Dungeon Crawl Stone Soup version bcrawl-1.19.1 (webtiles) character file.

Game seed: 3357866143225663046

9132 Mrkan the Grappler (level 11, -2/119 HPs)
             Began as a Troll Monk on Nov 26, 2019.
             Was a High Priest of Trog.
             Slain by a yak (9 damage)
             ... on level 1 of the Lair of Beasts.
             The game lasted 00:14:46 (7218 turns).

Mrkan the Grappler (Troll Monk)                     Turns: 7218, Time: 00:14:46

Health: -2/119     AC:  9    Str: 21    XL:     11   Next: 19%
Magic:  0/11       EV: 10    Int: 10    God:    Trog [*****.]
Gold:   325        SH:  0    Dex: 12    Spells: 10/10 levels left

rFire    + . .     SeeInvis .     - Unarmed
rCold    + . .     Gourm    +   (no shield)
rNeg     . . .     Faith    .   (armour unavailable)
rPois    .         Spirit   +   a - +0 hat
rElec    .         Reflect  .   v - scarf {rC+ rF+}
rCorr    .         Harm     .   (gloves unavailable)
MR       ++...                  (boots unavailable)
Stlth    ++........             b - amulet of guardian spirit
HPRegen  1.69/turn              (no ring)
MPRegen  0.12/turn              (no ring)

@: regenerating, slowed, very slow
A: large, almost no armour, unfitting armour, claws 3, fast metabolism 3,
gourmand, regeneration 1, AC +9
a: Berserk, Trog's Hand, Brothers in Arms, Renounce Religion


You were on level 1 of the Lair of Beasts.
You worshipped Trog.
Trog was extremely pleased with you.
You were very full.

You visited 2 branches of the dungeon, and saw 9 of its levels.

You collected 695 gold pieces.
You spent 370 gold pieces at shops.

Inventory:

Hand Weapons
 z - a +7 triple crossbow
Armour
 a - a +0 hat (worn)
 v - a scarf of resistance (worn)
 F - a +1 hat of intelligence
 G - the +2 ratskin cloak {+Rats rN+}
   (You found it on level 8 of the Dungeon)

   It protects you from negative energy.
Jewellery
 b - an amulet of guardian spirit (around neck)
 f - an uncursed ring of resist corrosion {unknown}
 q - a +4 ring of intelligence
 s - an uncursed ring of stealth {unknown}
 H - an uncursed ring of poison resistance {unknown}
 J - an uncursed ring of protection from magic {unknown}
Wands
 n - a wand of polymorph (13)
 y - a wand of random effects (6)
 I - a wand of flame (19)
Scrolls
 d - a scroll of noise {unknown}
 e - 4 scrolls of enchant weapon {unknown}
 g - 2 scrolls of teleportation {unknown}
 i - 3 scrolls of magic mapping {unknown}
 j - 12 scrolls of identify {unknown}
 l - 2 scrolls of remove curse {unknown}
 o - a scroll of immolation {unknown}
 r - 5 scrolls of blinking {unknown}
 t - a scroll of enchant armour {unknown}
 w - a scroll of amnesia {unknown}
Potions
 h - 2 potions of lignification {unknown}
 k - 2 potions of degeneration {unknown}
 m - 4 potions of curing {unknown}
 p - a potion of haste {unknown}
 u - 4 potions of magic {unknown}
 x - 3 potions of flight {unknown}
 A - a potion of berserk rage {unknown}
 B - a potion of mutation {unknown}
 C - a potion of agility
 D - a potion of might {unknown}
 E - a potion of resistance {unknown}
Comestibles
 c - 25 rations {!d}


   Skills:
 * Level 10.9 Fighting
 - Level 2.4 Dodging
 - Level 1.1 Stealth
 + Level 12.2 Unarmed Combat
   Level 2.0 Invocations


You had 10 spell levels left.
You didn't know any spells.
Your spell library was empty.

Dungeon Overview and Level Annotations

Branches:
Dungeon (8/12)             Temple (0/1) D:5            Lair (1/6) D:8
    Orc: D:8-11

Altars:
Ashenzari
Elyvilon
Kikubaaqudgha
Qazlal
Ru
Trog
Uskayaw
Xom
Yredelemnul
Zin
The Shining One

Shops:
D:4 =   D:5 [   D:6 !   D:7 (

Annotations:
D:7 2 transporters
Lair:1 Harold


Innate Abilities, Weirdness & Mutations

You cannot wear most types of armour.
Your thick skin is tough. (AC +9)
You are too large for most types of armour.
You have claws for hands.
Your metabolism is lightning-fast.
You like to eat raw meat.
Your natural rate of healing is unusually fast.


Message History

* * * LOW HITPOINT WARNING * * *
Harold blocks your attack.
Harold is moderately wounded.
The yak gores you!
* * * LOW HITPOINT WARNING * * *
The yak barely misses you.
Harold says, "This is so exciting!
What a great way to end my career!"
Harold hits you with a +2 trident of flaming.
* * * LOW HITPOINT WARNING * * *
Harold burns you.
* * * LOW HITPOINT WARNING * * *
Okay, then.
Your skin crawls.
You feel resistant to hostile enchantments.
You feel somewhat less full.
The yak gores you but does no damage. x2
Harold gestures at you while chanting. The bolt of fire hits you! You resist.
* * * LOW HITPOINT WARNING * * *
The yak gores you!
You die...

...#......##
...#.......#
!.....
..........##
......#
..........#
.......
...#......##
###...#...
...........#
#........P
......(....#
#..†......P
...........#
#.@(........
..........##
#.@Y.......#
...........#
#..Y.......##.
..........##
##.............
..........#
#..............
..........#
##.............
...#..†...#
#.............
..........#
#.............
...#......##
#.............
...........#
#.............


You could see Harold and 2 yaks.

Vanquished Creatures
  Gastronok (Lair:1)
  A deep troll (D:7)
  A deep elf mage (D:7)
  A wolf spider zombie (D:6)
  A cane toad (Lair:1)
  A komodo dragon (Lair:1)
  A troll (D:7)
  A hippogriff (D:8)
  A yak (Lair:1)
  A spriggan (D:7)
  Eustachio (D:4)
  2 hungry ghosts
  Menkaure (D:5)
  A porcupine (Lair:1)
  An orc warrior (D:6)
  2 water moccasins
  4 ice beasts
  2 sky beasts
  A necrophage (D:8)
  4 ogres
  2 phantoms
  3 centaurs
  3 bullfrogs
  A big kobold (D:7)
  A wyvern skeleton (D:8)
  3 scorpions
  4 wights (D:6)
  2 howler monkeys
  3 crimson imps
  A quasit (D:6)
  An orc priest (D:3)
  7 orc wizards
  4 hounds
  A centaur skeleton (D:4)
  2 iguanas
  Natasha (thrice) (D:3)
  3 hell rats
  11 worker ants
  3 hound skeletons
  10 gnolls
  A howler monkey skeleton (D:5)
  7 adders
  11 river rats
  2 shadow imps
  3 oozes
  3 adder skeletons
  An adder zombie (D:7)
  2 worms
  A dart slug (D:2)
  7 leopard geckos
  42 orcs
  7 bats
  6 giant cockroaches
  5 goblins
  5 hobgoblins
  16 jackals
  3 quokkas
  A ball python (D:6)
  A frilled lizard (D:2)
  9 kobolds
  A quokka skeleton (D:4)
  20 rats
251 creatures vanquished.

Vanquished Creatures (collateral kills)
  3 yaks (Lair:1)
3 creatures vanquished.

Vanquished Creatures (others)
  An orc wizard (D:3)
1 creature vanquished.

Grand Total: 255 creatures vanquished

Notes
Turn   | Place    | Note
-------+----------+-------------------------------------------
     0 | D:1      | Mrkan the Troll Monk began the quest for the Orb.
     0 | D:1      | Reached XP level 1. HP: 22/22 MP: 1/1
   224 | D:1      | Reached XP level 2. HP: 29/29 MP: 2/2
   522 | D:2      | Reached XP level 3. HP: 11/36 MP: 1/3
   533 | D:1      | Reached skill level 4 in Unarmed Combat
  1098 | D:2      | Found a bloodstained altar of Trog.
  1101 | D:2      | Found a sacrificial altar of Ru.
  1104 | D:2      | Found a hide-covered altar of Uskayaw.
  1107 | D:2      | Found a shattered altar of Ashenzari.
  1124 | D:2      | Became a worshipper of Trog the Wrathful
  1124 | D:2      | Reached * piety under Trog
  1124 | D:2      | Reached ** piety under Trog
  1412 | D:2      | Gained mutation: Your natural rate of healing is unusually
                  | fast. [Troll growth]
  1412 | D:2      | Reached XP level 4. HP: 42/45 MP: 2/4
  1610 | D:2      | Found a basalt altar of Yredelemnul.
  1934 | D:3      | Noticed Natasha
  1945 | D:3      | Killed Natasha
  1945 | D:3      | Reached skill level 5 in Unarmed Combat
  1945 | D:3      | Reached XP level 5. HP: 18/53 MP: 1/5
  2089 | D:3      | Found a faded altar of an unknown god.
  2245 | D:3      | Reached XP level 6. HP: 62/62 MP: 6/6
  2249 | D:3      | Reached *** piety under Trog
  2252 | D:3      | Reached skill level 6 in Unarmed Combat
  2290 | D:3      | Noticed Natasha
  2294 | D:3      | Killed Natasha
  2482 | D:3      | Noticed Natasha
  2485 | D:3      | Killed Natasha
  2810 | D:4      | Reached XP level 7. HP: 58/70 MP: 7/7
  2859 | D:4      | Reached skill level 7 in Unarmed Combat
  3227 | D:4      | Reached **** piety under Trog
  3263 | D:4      | Noticed Eustachio
  3276 | D:4      | Killed Eustachio
  3276 | D:4      | Reached skill level 5 in Fighting
  3276 | D:4      | Reached skill level 8 in Unarmed Combat
  3465 | D:4      | Found Bixiti's Jewellery Boutique.
  3595 | D:5      | Entered Level 5 of the Dungeon
  3604 | D:5      | Reached XP level 8. HP: 80/80 MP: 8/8
  3731 | D:5      | Noticed Menkaure
  3733 | D:5      | Found Fozocrast's Armour Shoppe.
  3738 | D:5      | Killed Menkaure
  3763 | D:5      | Reached skill level 9 in Unarmed Combat
  3855 | D:5      | Bought a scarf of resistance for 320 gold pieces
  3876 | D:5      | Found a staircase to the Ecumenical Temple.
  4308 | D:6      | Reached skill level 10 in Unarmed Combat
  4378 | D:6      | Reached XP level 9. HP: 87/89 MP: 9/9
  5069 | D:6      | Found Azuenn's Distillery.
  5073 | D:6      | Bought a potion of heal wounds for 50 gold pieces
  5126 | D:6      | Reached ***** piety under Trog
  5279 | D:7      | Found a transporter.
  5355 | D:7      | Found a glowing golden altar of the Shining One.
  5418 | D:7      | Found a transporter.
  5474 | D:7      | Noticed a troll
  5487 | D:7      | Killed a troll
  5487 | D:7      | Reached skill level 11 in Unarmed Combat
  5597 | D:7      | Found Juusm's Weapon Emporium.
  5617 | D:7      | Reached XP level 10. HP: 85/106 MP: 8/10
  5791 | D:7      | Noticed a deep troll
  5799 | D:7      | Killed a deep troll
  5866 | D:7      | Noticed a deep elf mage
  5875 | D:7      | Killed a deep elf mage
  6203 | D:8      | Received a gift from Trog
  6243 | D:8      | Found the +2 ratskin cloak {+Rats rN+}
  6445 | D:8      | Found a shimmering altar of Xom.
  6449 | D:8      | Found an ancient bone altar of Kikubaaqudgha.
  6449 | D:8      | Found a glowing silver altar of Zin.
  6460 | D:8      | Found a white marble altar of Elyvilon.
  6464 | D:8      | Found a stormy altar of Qazlal.
  6532 | D:8      | Found a staircase to the Lair.
  6625 | Lair:1   | Entered Level 1 of the Lair of Beasts
  6662 | Lair:1   | Reached skill level 10 in Fighting
  7072 | Lair:1   | Noticed a cane toad
  7081 | Lair:1   | Killed a cane toad
  7185 | Lair:1   | Noticed Gastronok
  7195 | Lair:1   | Killed Gastronok
  7195 | Lair:1   | Reached skill level 12 in Unarmed Combat
  7195 | Lair:1   | Reached XP level 11. HP: 119/119 MP: 11/11
  7203 | Lair:1   | Noticed Harold
  7218 | Lair:1   | Slain by a yak

Skill      XL: |  1  2  3  4  5  6  7  8  9 10 |
---------------+-------------------------------+-----
Unarmed Combat | 4 5 6 8 10 11 12 | 12.2
Fighting       | 3 4 5 6 8 10 | 10.9
Dodging        | |  2.4
Stealth        | |  1.1
Invocations    | |  2.0

Action                   |  1- 3 |  4- 6 |  7- 9 | 10-12 || total
-------------------------+-------+-------+-------+-------++-------
Melee: Unarmed           |    84 |   168 |   302 |   183 ||   737
       Punch             |     2 |     4 |     9 |    10 ||    25
Invok: Brothers in Arms  |       |       |       |     1 ||     1
       Trog's Hand       |       |       |       |     1 ||     1
  Use: Potion            |       |       |     1 |       ||     1
 Stab: Sleeping          |     5 |     2 |     4 |     3 ||    14
       Distracted        |       |       |       |     1 ||     1
       Held in net/web   |       |       |       |     1 ||     1
  Eat: Chunk             |    14 |     9 |    25 |    19 ||    67
Armor: Skin              |    25 |    90 |   111 |    75 ||   301
Dodge: Dodged            |    33 |    76 |   144 |   133 ||   386
